 Dungeon Crawl Stone Soup version 0.31-a0-538-gbc85326fa9 (webtiles) character file.

Game seed: 8892577095811124639

81 LeprechaunX the Ruffian (level 4, 0/29 HPs)
             Began as an Octopode Shapeshifter on Aug 14, 2023.
             Slain by a rat (3 damage)
             ... on level 2 of the Dungeon.
             The game lasted 00:00:56 (814 turns).

LeprechaunX the Ruffian (Octopode Shapeshifter)      Turns: 814, Time: 00:00:57

Health: 0/29       AC:  1    Str: 16    XL:     4   Next: 42%
Magic:  4/4        EV: 13    Int: 10    God:
Gold:   60         SH:  0    Dex: 12    Spells: 3/3 levels left

rFire   . .          .
                       - Unarmed
rCold   . . .        (no shield)
rNeg    . . .        (helmet currently unavailable)
rPois   .            (no amulet)
rElec   .            (no ring)
rCorr   .            (no ring)
SInv    .            (no ring)
Will    .....        (no ring)
Stlth   ++           (no ring)
HPRegen 0.24/turn    (no ring)
MPRegen 0.09/turn    (no ring)
                     (no ring)

%: no passive effects
@: beast-form
A: beast (slay +2), almost no armour, amphibious, 8 rings, camouflage 1,
gelatinous body 1, (nimble swimmer 1), tentacles
a: Begin Untransformation


You were on level 2 of the Dungeon.
You were a hulking beast.
You visited 1 branch of the dungeon, and saw 2 of its levels.

You collected 60 gold pieces.

Inventory:

Hand Weapons
 a - a +0 sling
Armour
 l - a +1 hat
Talismans
 b - a beast talisman (active)
 c - a flux talisman
Scrolls
 e - 2 scrolls of vulnerability {unknown}
 f - 2 scrolls of fear {unknown}
 g - a scroll of identify {unknown}
 j - a scroll of enchant weapon {unknown}
Potions
 d - a potion of mutation {unknown}
 h - a potion of brilliance {unknown}
 i - a potion of degeneration {unknown}
 k - 3 potions of lignification


   Skills:
 + Level 2.1 Fighting
 + Level 2.7 Dodging
 + Level 3.6 Unarmed Combat
 + Level 3.4 Shapeshifting


You had 3 spell levels left.
You didn't know any spells.
Your spell library was empty.

Dungeon Overview and Level Annotations

Branches:
Dungeon (2/15)

Altars:


Innate Abilities, Weirdness & Mutations

You are a hulking beast.
Your limbs bulge with bestial killing power. (Slay +2)
You cannot wear most types of armour.
You are amphibious.
You can wear up to eight rings at the same time.
Your skin changes colour to match your surroundings (Stealth+).
Your rubbery body absorbs attacks. (AC +1, EV +1)
((You are camouflaged when in or above water. (Stealth+)))
You have tentacles for arms and can constrict up to eight enemies at once.


Message History

The orc is almost dead.
You constrict the orc, but do no damage.
The bat hits you but does no damage.
The orc struggles to escape constriction.
You tentacle-slap the orc.
You kill the orc!
The bat hits you but does no damage.
The orc priest hits you with a +0 hand axe.
You tentacle-slap the orc priest. Your grab misses the orc priest.
The orc priest is moderately wounded.
The bat closely misses you. The orc priest completely misses you.
The rat closely misses you.
You tentacle-slap the orc priest but do no damage.
Your grab misses the orc priest.
The orc priest is moderately wounded.
The orc priest hits you with a +0 hand axe.
The rat closely misses you. The bat completely misses you.
You closely miss the orc priest. Your grab misses the orc priest.
The orc priest is moderately wounded.
The bat closely misses you. The bat hits you.
The orc priest hits you with a +0 hand axe.
The rat misses you.
You tentacle-slap the orc priest. You grab the orc priest.
The orc priest is severely wounded.
You constrict the orc priest. The bat completely misses you.
The orc priest invokes the aid of Beogh against you.
Pain shoots through your body!
Ouch! That really hurt!
* * * LOW HITPOINT WARNING * * *
The rat bites you but does no damage.
You tentacle-slap the orc priest.
You kill the orc priest!
The bat misses you. The rat barely misses you.
Your Fighting skill increases to level 2!
You have reached level 4!
The rat attacks as you move away! The rat closely misses you.
You closely miss the rat. You grab the rat.
You constrict the rat, but do no damage.
The bat hits you but does no damage. The rat bites you.
You die...

. .. ... .... .....####
###### .....)).###....#
......)rh...#..## ###
......)b###.....##### #..
######### #.........# #.#
####### #.##[.##.## #.#
#.....# #.....##.# #.#
#.....#########.##.# #..
#..............>##.######
#.....############.......
#.....# #.......#######


You could see a bat and a rat.

Vanquished Creatures
  An orc priest (D:2)
  An adder (D:2)
  A gnoll (D:1)
  4 dart slugs
  2 orcs (D:2)
  3 ball pythons
  2 giant cockroaches
  A goblin (D:1)
  A quokka (D:2)
  4 bats
  A frilled lizard (D:1)
  3 kobolds
  A rat (D:1)
25 creatures vanquished.

Notes
Turn   | Place    | Note
-------+----------+-------------------------------------------
     0 | D:1      | LeprechaunX the Octopode Shapeshifter began the quest for
                  | the Orb.
     0 | D:1      | Reached XP level 1. HP: 13/13 MP: 1/1
    22 | D:1      | Reached XP level 2. HP: 18/18 MP: 2/2
   172 | D:1      | Reached XP level 3. HP: 23/23 MP: 3/3
   813 | D:2      | Reached XP level 4. HP: 2/29 MP: 4/4
   814 | D:2      | Slain by a rat

Illustrated notes

Levels and vault maps discovered:
D:1:      dpeg_arrival_lava_temple_mockup, layout_rooms
D:2:      layout_basic, hellmonk_ecumenical_altar_pennies_from_heaven,
          serial_rivers, chequers_serial_rivers_small_b,
          chequers_serial_rivers_small_3, chequers_serial_rivers_micro_a,
          chequers_serial_rivers_marsh, chequers_serial_rivers_room_a,
          chequers_serial_rivers_micro_a, basic_altar, minmay_between,
          uniq_crazy_yiuf_cottage, uniq_robin

Skill      XL: |  1  2  3 |
---------------+----------+-----
Fighting       | 2 |  2.1
Dodging        | |  2.7
Unarmed Combat | |  3.6
Shapeshifting  | |  3.4

Action                     |  1- 3 |  4- 6 || total
---------------------------+-------+-------++-------
  Melee: Unarmed           |    51 |     1 ||    52
         Constrict         |    20 |     1 ||    21
         Tentacles         |    10 |       ||    10
         Punch             |     3 |       ||     3
   Stab: Sleeping          |     2 |       ||     2
 Armour: Skin              |     9 |     1 ||    10
  Dodge: Dodged            |    45 |     1 ||    46

Table legend: (Time is in decaauts)
 A = Elapsed time spent in this place.
 B = Non-inter-level travel time spent in this place.
 C = Inter-level travel time spent in this place.
 D = Time resting spent in this place.
 E = Time spent auto-exploring this place.
 F = Levels seen in this place.
 G = Mean time per level.
                   A        B        C        D        E       F      G
               +--------+--------+--------+--------+--------+-----+--------+
         Total |    810 |    744 |     66 |      0 |    590 |   2 |  405.0 |
       Dungeon |    810 |    744 |     66 |      0 |    590 |   2 |  405.0 |
               +--------+--------+--------+--------+--------+-----+--------+

Top non-repeatable levels by time:
     D:1: 668 daAuts
     D:2: 141 daAuts
